 Dungeon Crawl Stone Soup version 0.26-a0-639-g72c4674329 (webtiles) character file.

Game seed: 13942994207426497728

121 Conn the Magician (level 5, 0/33 HPs)
             Began as an Octopode Hedge Wizard on Sept 20, 2020.
             Slain by a leopard gecko (3 damage)
             ... on level 2 of the Dungeon.
             The game lasted 00:09:15 (3593 turns).

Conn the Magician (Octopode Hedge Wizard)           Turns: 3593, Time: 00:09:16

Health: 0/33       AC:  8    Str:  7 (9)  XL:     5   Next: 5%
Magic:  5/10       EV: 13    Int: 15 (18) God:
Gold:   154        SH:  0    Dex: 10 (11) Spells: 3/11 levels left

rFire    . . .     SeeInvis .   n - +2 flail (protect)
rCold    . . .     Faith    .   (no shield)
rNeg     . . .     Spirit   .   l - +0 hat
rPois    .         Reflect  .   (no amulet)
rElec    .         Harm     .   (no ring)
rCorr    .         Rampage  .   (no ring)
MR       .....                  (no ring)
Stlth    +++.......             (no ring)
HPRegen  0.11/turn              (no ring)
MPRegen  0.12/turn              (no ring)
                                (no ring)
                                (no ring)

@: protection aura
A: almost no armour, stealthy swim, amphibious, 8 rings, constrict 8, camouflage
1, gelatinous body 1
a: no special abilities


You were on level 2 of the Dungeon.
You visited 1 branch of the dungeon, and saw 3 of its levels.

You collected 154 gold pieces.

Inventory:

Hand Weapons
 a - a +0 short sword
 n - a +2 flail of protection (weapon)
Missiles
 g - 24 sling bullets
 o - 3 silver boomerangs (quivered)
Armour
 l - a +0 hat (worn)
Magical Staves
 b - an uncursed staff of air
Scrolls
 c - a scroll of identify
 d - 2 scrolls of fog {unknown}
 f - a scroll of remove curse {unknown}
 h - a scroll of magic mapping {unknown}
 i - a scroll of amnesia {unknown}
 j - a scroll of immolation
Potions
 e - a potion of invisibility
 k - a potion of might


   Skills:
 * Level 1.6 Fighting
 + Level 1.3 Short Blades
 + Level 2.1 Dodging
 + Level 3.7 Stealth
 + Level 3.9 Spellcasting
 * Level 1.4 Conjurations
 + Level 1.3 Summonings
 + Level 1.0 Translocations


You had 3 spell levels left.
You knew the following spells:

 Your Spells              Type           Power        Failure   Level
a - Magic Dart            Conj           #...         10%         1
b - Blink                 Tloc           N/A          19%         2
c - Call Imp              Summ           #.......     16%         2
d - Conjure Flame         Conj/Fire      #.......     38%         3

Your spell library contained the following spells:

 Spells                   Type           Power        Failure   Level
 Slow                     Hex            #.......     28%         2
 Mephitic Cloud           Conj/Pois/Air  #.......     41%         3


Dungeon Overview and Level Annotations

Branches:
Dungeon (3/15)

Altars:
Fedhas


Innate Abilities, Weirdness & Mutations

You cannot wear most types of armour.
You are very stealthy in the water. (Stealth+)
You are amphibious.
You can wear up to eight rings at the same time.
You can use your tentacles to constrict eight enemies at once.
Your skin changes colour to match your surroundings (Stealth+).
Your rubbery body absorbs attacks. (AC +1, EV +1)


Message History

You closely miss the adder. Your grab misses the adder. The adder misses you.
The adder bites you but does no damage.
You completely miss the adder. You grab the adder. You constrict the adder.
The adder closely misses you. The adder barely misses you.
You barely miss the adder. Your squeeze misses the adder.
The adder is lightly wounded.
You constrict the adder. The adder barely misses you. The adder bites you.
* * * LOW HITPOINT WARNING * * *
You sock the adder!
Your weapon exudes an aura of protection.
You kill the adder!
You feel your strength returning.
You have reached level 5!
You feel clever.
The leopard gecko bites you but does no damage.
You hit the leopard gecko. You grab the leopard gecko.
The leopard gecko is severely wounded.
You constrict the leopard gecko. The leopard gecko barely misses you.
The leopard gecko bites you.
You die...

######## #..........#.#
.....†.###..........#.#
######..########.####.#
##.## #...# #.# #..#
#.### #.# #####.#
#.######.# #...#.##
#.#...l#.# #...#..#
#.#l##.#.# #...##.#
#.#@#....## #...##.#
#...#.....#
####...##.########..#.##
.(.(..............>.#.#
####...##..######.....#
#...###.## #.)#### #...#
#..# #..# #####
##.#####..# #.........#


You could see a leopard gecko.

Vanquished Creatures
  An orc priest (D:2)
  2 adders (D:2)
  2 worms
  3 leopard geckos
  4 orcs (D:2)
  A giant cockroach (D:1)
  5 goblins
  8 hobgoblins
  7 jackals
  2 bats
  A frilled lizard (D:1)
  5 kobolds
  3 rats
44 creatures vanquished.

Vanquished Creatures (collateral kills)
  An orc wizard (D:2)
  A worm (D:2)
2 creatures vanquished.

Vanquished Creatures (others)
  5 fungi (D:2)
  6 plants (D:2)
11 creatures vanquished.

Grand Total: 57 creatures vanquished

Notes
Turn   | Place    | Note
-------+----------+-------------------------------------------
     0 | D:1      | Conn the Octopode Hedge Wizard began the quest for the Orb.
     0 | D:1      | Reached XP level 1. HP: 11/11 MP: 4/4
   227 | D:1      | Reached XP level 2. HP: 17/17 MP: 6/6
  1420 | D:1      | Reached XP level 3. HP: 18/21 MP: 1/8
  1490 | D:1      | Learned a level 2 spell: Blink
  1493 | D:1      | Learned a level 2 spell: Call Imp
  1497 | D:1      | Learned a level 3 spell: Conjure Flame
  2019 | D:2      | Reached skill level 1 in Short Blades
  2154 | D:2      | Found a blossoming altar of Fedhas.
  2365 | D:2      | Reached XP level 4. HP: 13/27 MP: 3/9
  2370 | D:2      | Reached skill level 1 in Fighting
  2657 | D:2      | HP: 1/28 [orc priest/+0 war axe (7)]
  3592 | D:2      | Reached XP level 5. HP: 3/33 MP: 4/10
  3593 | D:2      | Slain by a leopard gecko

Illustrated notes

Levels and vault maps discovered:
D:1:      wheals_arrival_linesprint, layout_basic, minmay_tromino_v2
D:2:      cheibrodos_pilgrimage, layout_basic, fedhas_altar_3
D:3:      layout_basic, tgw_sif, portal_sewer_entry_f,
          chequers_serial_rivers_large_a, minmay_misc_feat_doors

Skill      XL: |  1  2  3  4 |
---------------+-------------+-----
Stealth        | 3 |  3.7
Short Blades   | 1 |  1.3
Fighting       | 1 |  1.6
Dodging        | |  2.1
Spellcasting   | |  3.9
Conjurations   | |  1.4
Summonings     | |  1.3
Translocations | |  1.0

Action                   |  1- 3 |  4- 6 || total
-------------------------+-------+-------++-------
Melee: Dagger            |     4 |       ||     4
       Constrict         |    14 |     8 ||    22
       Short sword       |    54 |    29 ||    83
       Tentacles         |     9 |     6 ||    15
       Flail             |       |     8 ||     8
 Cast: Magic Dart        |    27 |    19 ||    46
       Call Imp          |    10 |       ||    10
       Blink             |       |     2 ||     2
  Use: Potion            |     1 |     5 ||     6
       Scroll            |       |     1 ||     1
 Stab: Sleeping          |     9 |     2 ||    11
       Invisible         |     1 |       ||     1
Armor: Skin              |     3 |     9 ||    12
Dodge: Dodged            |    27 |    42 ||    69

Table legend: (Time is in decaauts)
 A = Elapsed time spent in this place.
 B = Non-inter-level travel time spent in this place.
 C = Inter-level travel time spent in this place.
 D = Time resting spent in this place.
 E = Time spent auto-exploring this place.
 F = Levels seen in this place.
 G = Mean time per level.
                   A        B        C        D        E       F      G
               +--------+--------+--------+--------+--------+-----+--------+
         Total |   3603 |   3546 |     57 |   1483 |   1251 |   3 | 1201.0 |
       Dungeon |   3603 |   3546 |     57 |   1483 |   1251 |   3 | 1201.0 |
               +--------+--------+--------+--------+--------+-----+--------+

Top non-repeatable levels by time:
     D:2: 1968 daAuts
     D:1: 1484 daAuts
     D:3: 150 daAuts
